Map: Ascension to Aiur LE

Players

IllIIIllIIIl - Winner!

  • Race: Protoss Protoss
  • Spawn Location: 11:00

A.I. 1 (Elite)

  • Race: Terran Terran
  • Spawn Location: 5:00

VOD

Have the link to the VOD?

Description

PvT

Time

  • Played on: Dec. 21, 2017, 8:49 a.m.
  • Length: 11:15
Show
View Real Time Build Order
Export as new Build Order

IllIIIllIIIl Protoss - Winner!

Build Orders: 1 Gate Expand, Colossus Rush 

Get SALT Encoding   

  12  0:00  Probe  
  13  0:13  Probe  
  14  0:18  Pylon  
  14  0:25  Probe  
  15  0:38  Probe (Chrono Boost)  
  15  0:40  Gateway  
  16  0:45  Assimilator  
  17  0:54  Probe x2 (Chrono Boost)  
  19  1:06  Probe (Chrono Boost)  
  19  1:17  Probe (Chrono Boost)  
  20  1:25  Nexus  
  20  1:36  Cybernetics Core  
  20  1:39  Probe  
  21  1:44  Assimilator  
  21  1:51  Probe  
  22  1:56  Pylon  
  22  2:03  Probe  
  23  2:15  Stalker (Chrono Boost), Probe  
  26  2:17  Warp Gate  
  26  2:27  Probe  
  27  2:36  Stalker (Chrono Boost)  
  29  2:40  Probe  
  29  2:41  Probe  
  31  2:48  Robotics Facility  
  31  2:53  Probe x2  
  33  3:05  Probe x2  
  35  3:17  Probe x2  
  35  3:19  Gateway  
  37  3:20  Gateway  
  37  3:23  Assimilator  
  37  3:25  Assimilator  
  37  3:29  Probe x2  
  39  3:42  Robotics Bay  
  39  3:43  Probe x2  
  42  3:48  Observer (Chrono Boost)  
  42  3:56  Pylon  
  42  3:58  Probe x2  
  42  4:00  Pylon, Observer (Chrono Boost)  
  45  4:10  Probe  
  45  4:14  Probe  
  48  4:17  Observer (Chrono Boost)  
  48  4:22  Probe  
  49  4:26  Probe  
  51  4:31  Pylon  
  51  4:32  Extended Thermal Lance  
  51  4:33  Observer (Chrono Boost)  
  51  4:34  Probe  
  52  4:43  Stalker x2  
  52  4:44  Stalker  
  58  4:49  Pylon  
  58  4:51  Colossus (Chrono Boost)  
  64  5:06  Forge  
  64  5:13  Twilight Council  
  64  5:22  Nexus  
  64  5:26  Pylon  
  64  5:28  Probe  
  71  5:29  Probe, Colossus (Chrono Boost)  
  72  5:40  Probe  
  72  5:41  Probe  
  74  5:49  Protoss Ground Weapons Level 1 (Chrono Boost)  
  74  5:50  Pylon  
  74  5:52  Probe  
  74  5:53  Probe  
  76  6:02  Stalker  
  76  6:04  Stalker, Probe  
  80  6:05  Probe  
  80  6:07  Stalker  
  84  6:14  Colossus  
  84  6:16  Probe  
  84  6:17  Probe  
  92  6:23  Pylon  
  92  6:26  Pylon  
  92  6:28  Probe  
  92  6:29  Probe  
  94  6:41  Gateway  
  94  6:45  Gateway  
  94  6:47  Gateway  
  94  6:49  Gateway  
  94  6:50  Templar Archives  
  94  6:51  Gateway  
  94  6:57  Charge  
  94  7:02  Probe x2  
  94  7:03  Probe  
  97  7:12  Assimilator  
  97  7:14  Probe  
  97  7:15  Probe x2, Assimilator  
  100  7:22  Pylon  
  100  7:23  Zealot x3  
  100  7:26  Probe  
  100  7:27  Probe x2, Psionic Storm  
  109  7:43  Zealot x2  
  109  7:44  Zealot x4  
  117  7:50  Pylon  
  121  7:53  Pylon  
  121  7:55  Protoss Ground Weapons Level 2 (Chrono Boost)  
  121  8:04  High Templar x2  
  121  8:05  High Templar x2  
  129  8:06  High Templar  
  129  8:07  High Templar  
  129  8:09  Archon x2  
  129  8:11  Archon  
  132  8:17  Zealot x2  
  136  8:22  Nexus  
  136  8:24  Pylon  
  136  8:26  Dark Shrine, Pylon  
  136  8:30  Pylon  
  136  8:31  Probe x3  
  139  8:38  High Templar x2  
  143  8:43  Probe x2  
  143  8:45  Pylon  
  143  8:46  Pylon  
  145  8:50  High Templar x2  
  145  8:52  Zealot x3  
  145  8:53  Zealot  
  157  9:01  Gateway  
  157  9:04  Gateway  
  157  9:06  Warp Prism  
  157  9:09  Gateway  
  159  9:11  High Templar x2  
  159  9:14  Zealot x2  
  167  9:18  Zealot x2  
  171  9:28  High Templar  
  171  9:29  High Templar  
  171  9:31  Assimilator  
  175  9:34  Assimilator  
  175  9:36  Zealot x2  
  179  9:44  Zealot x2  
  179  9:45  Zealot x2  
  186  10:12  Zealot  
  186  10:13  Zealot x5  
  186  10:14  Zealot  
  200  10:19  Nexus  
  200  10:20  Pylon  
  188  10:23  Pylon  
  182  10:31  Zealot  
  182  10:32  Zealot x3  
  182  10:33  Zealot x3  
  182  10:34  Zealot x2  
  200  10:55  High Templar  
  200  11:07  Stargate x2  
Show
View Real Time Build Order
Export as new Build Order

A.I. 1 (Elite) Terran 

Build Orders: MMM Bio 

Get SALT Encoding   

  12  0:00  SCV  
  13  0:13  SCV  
  14  0:19  Supply Depot  
  14  0:25  SCV  
  15  0:40  SCV  
  16  0:42  Barracks  
  16  0:53  SCV  
  17  1:05  SCV  
  18  1:17  SCV  
  19  1:19  Supply Depot  
  19  1:23  Refinery  
  19  1:29  Marine, SCV  
  21  1:41  SCV  
  22  1:47  Marine  
  22  1:53  Barracks, SCV  
  24  1:58  Refinery  
  24  2:05  Supply Depot, Marine, Orbital Command  
  25  2:23  Marine  
  26  2:31  SCV  
  27  2:41  Marine  
  27  2:43  SCV  
  29  2:47  Command Center  
  29  3:03  Factory, SCV  
  30  3:07  Marine  
  30  3:08  Marine  
  32  3:15  SCV  
  33  3:25  Marine  
  33  3:26  Marine  
  35  3:28  SCV  
  36  3:40  SCV  
  35  3:43  Marine  
  35  3:44  Marine  
  36  3:52  SCV  
  37  3:55  Factory Tech Lab  
  37  3:58  Orbital Command  
  37  4:00  Marine  
  37  4:02  Marine  
  39  4:04  SCV  
  39  4:06  Starport  
  40  4:14  Supply Depot  
  40  4:16  SCV  
  41  4:18  Marine  
  41  4:20  Marine  
  41  4:23  SCV  
  44  4:28  SCV  
  44  4:29  Siege Tank  
  48  4:35  SCV  
  48  4:37  Supply Depot  
  49  4:38  Marine  
  49  4:40  SCV  
  49  4:41  Marine  
  49  4:43  Starport Tech Lab  
  52  4:48  SCV  
  52  4:52  Supply Depot, SCV  
  54  5:00  SCV  
  54  5:01  Siege Tank  
  54  5:04  Liberator, SCV  
  59  5:08  Armory  
  59  5:12  SCV  
  60  5:15  Fusion Core  
  60  5:16  SCV  
  61  5:24  SCV  
  61  5:25  Barracks Tech Lab  
  65  5:28  SCV  
  66  5:36  SCV  
  67  5:44  Stimpack  
  67  5:47  Marauder  
  67  5:49  Supply Depot  
  69  5:55  Command Center  
  69  6:07  Engineering Bay  
  69  6:08  Marauder  
  71  6:17  Engineering Bay  
  71  6:29  Barracks  
  71  6:30  Marauder  
  73  6:33  Terran Infantry Weapons Level 1  
  73  6:36  Barracks Tech Lab  
  73  6:43  Terran Infantry Armor Level 1  
  73  6:51  Marauder  
  75  6:54  Supply Depot, Combat Shields  
  75  6:55  Marauder  
  77  7:12  Marauder  
  77  7:15  Orbital Command, Refinery  
  79  7:16  Marine  
  79  7:17  Missile Turret  
  79  7:18  Missile Turret  
  79  7:19  Refinery, Barracks Reactor  
  80  7:25  Command Center  
  80  7:33  Siege Tank  
  80  7:34  Marauder  
  80  7:36  Marauder  
  87  7:43  SCV  
  88  7:45  SCV, Concussive Shells  
  89  7:55  Marauder  
  89  7:58  Marauder  
  93  8:04  Missile Turret  
  93  8:05  Siege Tank  
  93  8:06  Missile Turret  
  96  8:14  Medivac  
  96  8:18  Barracks  
  98  8:20  Supply Depot  
  98  8:27  Marauder  
  100  8:36  Terran Infantry Weapons Level 2  
  100  8:38  SCV  
  100  8:39  SCV  
  100  8:40  SCV  
  103  8:42  SCV  
  103  8:44  Medivac  
  106  8:50  SCV  
  106  8:52  SCV x2  
  106  8:54  SCV  
  110  9:03  SCV  
  110  9:04  SCV, Missile Turret  
  110  9:05  SCV  
  110  9:06  SCV  
  114  9:15  Marauder, SCV  
  117  9:19  SCV  
  117  9:20  SCV  
  117  9:22  SCV  
  120  9:25  Missile Turret  
  120  9:26  Supply Depot  
  120  9:27  SCV  
  120  9:29  Siege Tank  
  120  9:31  SCV  
  125  9:35  Planetary Fortress  
  125  9:38  Raven  
  127  9:45  Refinery  
  127  9:47  Missile Turret  
  127  9:49  Supply Depot  
  127  9:53  Widow Mine  
  127  9:55  Refinery  
  129  10:07  SCV x2  
  129  10:08  Command Center  
  129  10:12  Supply Depot  
  131  10:15  Widow Mine  
  131  10:16  Marauder x2  
  131  10:18  SCV  
  131  10:19  SCV  
  131  10:20  Marine  
  131  10:21  Marine, Medivac  
  113  10:23  Marine  
  113  10:25  SCV  
  64  10:37  Marine, Marauder  
  64  10:49  SCV x3  
  59  11:01  SCV  
  59  11:02  SCV  
Tags
 
Add a new tag
Caveats
  • Supply blocks, unpowered buildings, or Contaminate may cause inaccurate times.
  • Supply counts are checked every 10 seconds.